 Dungeon Sprint DCSS version 0.20-a0-550-gf70bbbc (webtiles) character file.

731 KristoblXynda the Grappler (level 7, -11/66 HPs)
             Began as a Troll Monk on Feb 2, 2017.
             Was a High Priest of Makhleb.
             Mangled by a two-headed ogre
             ... wielding a +0 giant club
              (19 damage)
             ... in the Dungeon (Sprint V: "Ziggurat Sprint").
             The game lasted 00:03:42 (456 turns).

KristoblXynda the Grappler (Troll Monk)              Turns: 456, Time: 00:03:43

Health: -11/66     AC:  6    Str: 20    XL:     7   Next: 45%
Magic:  9/9        EV: 11    Int: 20    God:    Makhleb [*****.]
Gold:   0          SH: 15    Dex: 17    Spells: 4/6 levels left

rFire    . . .     SeeInvis .     - Unarmed
rCold    . . .     Gourm    +   A - +1 robe of Ymu Suc {Dex+5}
rNeg     . . .     Faith    .   j - +3 shield
rPois    .         Spirit   .   (helmet restricted)
rElec    .         Reflect  .   (no cloak)
rCorr    .         Harm     .   (gloves unavailable)
MR       .....     NoTele   +   (boots unavailable)
Stlth    ++........             n - amulet of regeneration
Regen    1.1/turn               B - +6 ring of intelligence
                                C - +6 ring of intelligence

@: no status effects
A: unfitting armour, claws 3, fast metabolism 3, gourmand, regeneration 1,
shaggy fur 1, tough skin 2
a: Minor Destruction, Lesser Servant of Makhleb, Major Destruction, Greater
Servant of Makhleb, Renounce Religion


You were in the Dungeon.
You worshipped Makhleb.
Makhleb was extremely pleased with you.
You were very full.

You visited 1 branch

Inventory:

Armour
 i - a +3 large shield
 j - a +3 shield (worn)
 A - the +1 robe of Ymu Suc (worn) {Dex+5}
   (You found it in the Dungeon)

   It affects your dexterity (+5).
Jewellery
 n - an amulet of regeneration (around neck)
 B - a +6 ring of intelligence (right claw)
 C - a +6 ring of intelligence (left claw)
Wands
 F - a wand of disintegration (7/24)
 G - a wand of iceblast (5/15)
 H - a wand of lightning (5/15)
 I - a wand of acid (5/15)
Scrolls
 h - 4 scrolls of blinking
 q - 4 scrolls of amnesia
 r - 3 scrolls of recharging
 s - 7 scrolls of fog
 t - a scroll of holy word
 u - 5 scrolls of identify
 v - 5 scrolls of remove curse
 w - 2 scrolls of fear
Potions
 c - 9 potions of curing
 d - 9 potions of heal wounds
 e - 6 potions of haste
 f - 7 potions of magic
 g - 2 potions of berserk rage
 k - 2 potions of brilliance
 l - 2 potions of invisibility
 m - 4 potions of resistance
 o - 5 potions of agility
 p - 5 potions of might
Miscellaneous
 y - a lamp of fire (inert)
 D - a lightning rod (4/4)
Comestibles
 b - 6 bread rations
 x - 42 fruits
 z - 4 meat rations


   Skills:
 - Level 2.4 Fighting
 - Level 2.4 Dodging
 - Level 1.0 Stealth
 + Level 9.9 Shields
 - Level 10.2 Unarmed Combat
 + Level 4.9 Evocations


You had 4 spell levels left.
You knew the following spells:

 Your Spells              Type           Power        Failure   Level  Hunger
a - Repel Missiles        Chrm/Air       #.....       30%         2    ###....


Dungeon Overview and Level Annotations

Branches:
Dungeon (1/1)

Altars:
Ashenzari
Cheibriados
Dithmenos
Elyvilon
Fedhas
Gozag
Hepliaklqana
Kikubaaqudgha
Makhleb
Nemelex Xobeh
Okawaru
Qazlal
Ru
Sif Muna
Trog
Uskayaw
Vehumet
Xom
Yredelemnul
Zin
The Shining One
Beogh
Jiyva
Lugonu


Innate Abilities, Weirdness & Mutations

You are too large for most types of armour.
You have claws for hands.
Your metabolism is lightning-fast.
You like to eat raw meat.
Your natural rate of healing is unusually fast.
You are covered in fur. (AC +1)
You have very tough skin. (AC +2)


Message History

You block the ogre's attack. You block the two-headed ogre's attack.
The two-headed ogre hits you with a giant spiked club!
You claw the two-headed ogre!
The two-headed ogre is lightly wounded.
The two-headed ogre closely misses you. The two-headed ogre barely misses you.
You block the ogre's attack.
You scratch the two-headed ogre but do no damage.
The two-headed ogre is lightly wounded.
The two-headed ogre hits you with a giant club.
You block the two-headed ogre's attack. You block the two-headed ogre's attack.
The two-headed ogre hits you with a giant spiked club!!
* * * LOW HITPOINT WARNING * * *
Unknown command.
You feel much better. The ogre closely misses you.
The two-headed ogre hits you with a giant club!
The two-headed ogre hits you with a giant spiked club!
* * * LOW HITPOINT WARNING * * *
The two-headed ogre hits you with a giant club!!
You die...

▓▓▓▓▓▓▓▓▓▓▓▓▓▓▓▓▓▓▓
▓..8§8..▓ ▓.."§[..▓
▓..§)[..▓ ▓..§....▓
▓.§..O..▓ ▓..§CO..▓
▓...OOO.▓ ▓....@..▓
▓.......▓ ▓▓▓▓▓▓▓▓▓


You could see 2 two-headed ogres, a cyclops and 3 ogres.

Vanquished Creatures
  2 golden eyes (D)
  2 nagas (D)
  A wolf (D)
  A bullfrog (D)
  An orc wizard (D)
  4 adders (D)
  3 oozes (D)
  2 orcs (D)
  2 ball pythons (D)
18 creatures vanquished.

Vanquished Creatures (others)
  An azure jelly (D)
  A death ooze (D)
  Sigmund (D)
  Purgy (D)
  Jessica (D)
5 creatures vanquished.

Grand Total: 23 creatures vanquished

Notes
Turn   | Place    | Note
-------+----------+-------------------------------------------
     0 | D        | KristoblXynda the Troll Monk began the quest for the Orb.
     0 | D        | Reached XP level 1. HP: 22/22 MP: 0/0
     2 | D        | Found a blossoming altar of Fedhas.
     6 | D        | Found a deep blue altar of Sif Muna.
     6 | D        | Found a sacrificial altar of Ru.
     6 | D        | Found a bloodstained altar of Trog.
     6 | D        | Found a stormy altar of Qazlal.
     6 | D        | Found an iron altar of Okawaru.
     6 | D        | Found a sparkling altar of Nemelex Xobeh.
     8 | D        | Found an ancient bone altar of Kikubaaqudgha.
     8 | D        | Found a viscous altar of Jiyva.
     8 | D        | Found a corrupted altar of Lugonu.
     8 | D        | Found a hazy altar of Hepliaklqana.
     8 | D        | Found a burning altar of Makhleb.
     8 | D        | Found an opulent altar of Gozag.
    28 | D        | Reached skill level 6 in Unarmed Combat
    28 | D        | Reached XP level 2. HP: 29/29 MP: 1/1
    34 | D        | Became a worshipper of Makhleb the Destroyer
    34 | D        | Reached * piety under Makhleb
    34 | D        | Reached ** piety under Makhleb
    41 | D        | Entered arena 1.
    41 | D        | Noticed a wolf
    41 | D        | Noticed a bullfrog
    47 | D        | Killed a bullfrog
    47 | D        | Reached skill level 5 in Shields
    47 | D        | Reached skill level 7 in Unarmed Combat
    47 | D        | Reached XP level 3. HP: 30/36 MP: 2/2
    47 | D        | Reached XP level 4. HP: 37/44 MP: 3/3
    50 | D        | Killed a wolf
    50 | D        | Reached skill level 8 in Unarmed Combat
    50 | D        | Reached XP level 5. HP: 41/50 MP: 4/4
    94 | D        | Entered arena 2.
    94 | D        | Killed Jessica
   107 | D        | Reached *** piety under Makhleb
   107 | D        | Reached skill level 9 in Unarmed Combat
   121 | D        | Identified Usoukixt's Collected Works on Enhancements (You found it in the Dungeon)
   124 | D        | Learned a level 2 spell: Repel Missiles
   124 | D        | Entered arena 3.
   124 | D        | Noticed a naga
   133 | D        | Killed a naga
   133 | D        | Reached skill level 10 in Unarmed Combat
   133 | D        | Reached XP level 6. HP: 25/59 MP: 5/5
   144 | D        | Reached **** piety under Makhleb
   221 | D        | Killed Purgy
   237 | D        | Entered arena 4.
   237 | D        | Noticed a naga
   247 | D        | Killed a naga
   288 | D        | Killed an azure jelly
   296 | D        | Killed a death ooze
   298 | D        | Entered arena 5.
   298 | D        | Noticed a golden eye
   298 | D        | Noticed a golden eye
   304 | D        | Reached ***** piety under Makhleb
   316 | D        | Killed a golden eye
   316 | D        | Reached XP level 7. HP: 42/66 MP: 6/9
   352 | D        | Killed a golden eye
   432 | D        | Got the +1 robe of Ymu Suc {Dex+5}
   446 | D        | Entered arena 6.
   446 | D        | Noticed a cyclops
   446 | D        | Noticed a two-headed ogre
   446 | D        | Noticed a two-headed ogre
   446 | D        | Killed Sigmund
   456 | D        | Mangled by a two-headed ogre

Vault maps used:
D:        sprint_v

Skill      XL: |  1  2  3  4  5  6 |
---------------+-------------------+-----
Shields        | 4 5 6 8 9 |  9.9
Unarmed Combat | 6 7 8 10 | 10.2
Evocations     | 4 |  4.9
Fighting       | |  2.4
Dodging        | |  2.4
Stealth        | |  1.0

Action                   |  1- 3 |  4- 6 |  7- 9 || total
-------------------------+-------+-------+-------++-------
Melee: Unarmed           |     5 |    61 |    16 ||    82
Evoke: Lamp of fire      |       |     1 |     1 ||     2
  Use: Potion            |     2 |       |     2 ||     4
  Eat: Chunk             |       |     8 |       ||     8
Armor: Robe              |     1 |    21 |       ||    22
Dodge: Dodged            |     2 |    26 |     6 ||    34
Block: Shield            |     4 |    44 |     9 ||    57
